 Dungeon Crawl Stone Soup version 0.17-a0-1887-g3e50df6 (webtiles) character file.

17880 ololoev the Severer (level 12, -1/87 (88) HPs)
             Began as a Hill Orc Berserker on Sept 23, 2015.
             Was a High Priest of Trog.
             Killed by divine providence
             ... invoked by Saint Roka
              (14 damage)
             ... on level 4 of the Orcish Mines.
             The game lasted 00:33:49 (3943 turns).

ololoev the Severer (Hill Orc Berserker)            Turns: 3943, Time: 00:33:49

HP:   -1/87 (88)    AC: 27    Str: 25    XL:     12   Next: 52%
MP:   16/16         EV:  9    Int:  7    God:    Trog [*****.]
Gold: 674           SH:  0    Dex: 10    Spells: 0 memorised, 11 levels left

rFire  + . .     SeeInvis +     a - +1 battleaxe (protect)
rCold  . . .     Clarity  .     u - +2 chain mail {rF+}
rNeg   + . .     SustAt   .     (no shield)
rPois  +         Gourm    .     x - +1 hat {SInv}
rElec  .         Spirit   .     (no cloak)
rCorr  .         Warding  .     k - +5 pair of gloves of Idikyjen {rN+ Stlth+}
rMut   .         Stasis   .     j - +0 pair of boots
MR     ++...                    f - amulet of faith
Stlth  ..........               (no ring)
                                r - ring of poison resistance

@: exhausted, regenerating, slowed, very slow, very resistant to hostile
enchantments, extremely unstealthy
A: blurry vision 1, frail 2, wild magic 1
a: Burn Spellbooks, Berserk, Trog's Hand, Brothers in Arms, Renounce Religion,
Convert to Beogh


Innate Abilities, Weirdness & Mutations

Scrolls take you a little longer to read.
You are very frail (-20% HP).
Your spells are a little harder to cast, but a little more powerful.

Inventory:

Hand weapons
 a - a +1 battleaxe of protection (weapon)
 e - a +1 battleaxe of draining
Armour
 j - a +0 pair of boots (worn)
 k - the +5 pair of gloves of Idikyjen (worn) {rN+ Stlth+}
   (You found it on level 7 of the Dungeon)

   It protects you from negative energy.
   It makes you more stealthy.
 u - a +2 chain mail of fire resistance (worn)
 x - a +1 hat of see invisible (worn)
Jewellery
 f - an amulet of faith (around neck)
 p - an uncursed amulet of regeneration
 r - a ring of poison resistance (left hand)
Magical devices
 n - a wand of invisibility (0)
 s - a wand of disintegration (4)
 t - a wand of paralysis (10)
 v - a wand of paralysis (10)
Scrolls
 g - 3 scrolls of remove curse
 l - 2 scrolls of fog
 o - 2 scrolls of summoning
Comestibles
 b - a meat ration
 c - 2 bread rations
 h - 2 royal jellies
 q - 5 chunks of flesh


   Skills:
 + Level 11.7 Fighting
 * Level 16.8 Axes
 + Level 10.8 Armour
 - Level 1.5 Dodging
 + Level 6.5 Evocations


You had 11 spell levels left.
You didn't know any spells.


You were on level 4 of the Orcish Mines.
You worshipped Trog.
Trog was extremely pleased with you.
You were near starving.

You visited 3 branches of the dungeon, and saw 16 of its levels.

You collected 674 gold pieces.

.........................
#........................
............(..........#
.............(.)......#
..............(.......##
.............[))).....#
.............o))......
.........)((†))......
#.#.....o@..))......
.$...ooTho........
.......4.o........
.....$oo.P......P.
...o...o.....8....
...o..............
..oo#........∩....
........P.......P
...............

Notes
Turn   | Place    | Note
--------------------------------------------------------------
     0 | D:1      | ololoev the Hill Orc Berserker began the quest for the Orb.
     0 | D:1      | Reached XP level 1. HP: 19/19 MP: 1/1
   303 | D:1      | Reached XP level 2. HP: 5/27 MP: 2/2
   310 | D:1      | Found a glowing golden altar of the Shining One.
   488 | D:2      | Reached XP level 3. HP: 30/33 MP: 3/3
   508 | D:2      | Noticed Jessica
   520 | D:2      | Killed Jessica
   520 | D:2      | Reached skill level 5 in Axes
   520 | D:2      | Reached XP level 4. HP: 24/40 MP: 4/4
   569 | D:3      | Acquired Trog's second power
   774 | D:5      | Entered Level 5 of the Dungeon
   779 | D:5      | Noticed a centaur
   798 | D:5      | Reached XP level 5. HP: 47/47 MP: 5/5
   800 | D:5      | Killed a centaur
   800 | D:5      | Reached skill level 5 in Fighting
   800 | D:5      | Reached skill level 6 in Axes
   843 | D:5      | Reached XP level 6. HP: 47/56 MP: 6/6
   881 | D:6      | Noticed a water moccasin
   903 | D:6      | Killed a water moccasin
   903 | D:6      | Reached skill level 7 in Axes
   951 | D:6      | Reached XP level 7. HP: 33/62 MP: 7/7
   987 | D:6      | Reached skill level 8 in Axes
  1040 | D:5      | Noticed an ogre
  1098 | D:6      | Reached skill level 5 in Armour
  1099 | D:6      | Found a staircase to the Ecumenical Temple.
  1113 | Temple   | Entered the Ecumenical Temple
  1440 | D:7      | Got a pair of faintly humming gloves
  1446 | D:7      | Identified the +5 pair of gloves of Idikyjen {rN+ Stlth+} (You found it on level 7 of the Dungeon)
  1489 | D:7      | Found Abbesoz's Food Boutique.
  1489 | D:7      | Noticed a hungry ghost
  1500 | D:7      | Reached XP level 8. HP: 46/70 MP: 8/8
  1501 | D:7      | Reached skill level 9 in Axes
  1506 | D:7      | Killed a hungry ghost
  1565 | D:7      | Noticed Joseph
  1572 | D:7      | Reached skill level 10 in Axes
  1585 | D:7      | Killed Joseph
  1848 | D:6      | Reached XP level 9. HP: 60/78 MP: 9/9
  1854 | D:6      | Reached skill level 11 in Axes
  2241 | D:8      | Acquired Trog's first power
  2257 | D:8      | Reached skill level 12 in Axes
  2351 | D:9      | Found a staircase to the Lair.
  2405 | D:9      | Noticed a harpy
  2410 | D:9      | Killed a harpy
  2410 | D:9      | Reached XP level 10. HP: 68/90 MP: 10/10
  2491 | D:9      | Reached skill level 13 in Axes
  2495 | D:9      | Gained mutation: Scrolls take you a little longer to read. [mutagenic meat]
  2496 | D:9      | Gained mutation: You are frail (-10% HP). [mutagenic meat]
  2497 | D:9      | Gained mutation: Your spells are a little harder to cast, but a little more powerful. [mutagenic meat]
  2498 | D:9      | Gained mutation: You are very frail (-20% HP). [mutagenic meat]
  2579 | D:9      | Reached skill level 1 in Evocations
  2705 | D:10     | Entered Level 10 of the Dungeon
  2767 | D:10     | Noticed Grum
  2778 | D:10     | Killed Grum
  2811 | D:11     | Noticed Fannar
  2846 | D:11     | Killed Fannar
  2878 | D:11     | Reached skill level 14 in Axes
  2946 | D:11     | Reached skill level 10 in Fighting
  3050 | D:11     | Found a staircase to the Orcish Mines.
  3060 | Orc:1    | Entered Level 1 of the Orcish Mines
  3060 | Orc:1    | Noticed an orc knight
  3076 | Orc:1    | Reached XP level 11. HP: 78/78 MP: 13/13
  3079 | Orc:1    | Killed an orc knight
  3161 | Orc:2    | Noticed an orc knight
  3178 | Orc:2    | Acquired Trog's third power
  3183 | Orc:2    | Killed an orc knight
  3199 | Orc:2    | Noticed an orc warlord
  3199 | Orc:2    | Noticed an orc knight
  3268 | Orc:1    | HP: 5/118 [orc warrior/long sword[an orc knight] (10)]
  3269 | Orc:1    | Reached skill level 15 in Axes
  3350 | Orc:1    | Killed an orc warlord
  3423 | Orc:1    | Reached skill level 5 in Evocations
  3465 | Orc:2    | Killed an orc knight
  3509 | Orc:2    | Noticed Gastronok
  3546 | Orc:2    | Killed Gastronok
  3546 | Orc:2    | Reached skill level 10 in Armour
  3654 | Orc:1    | Noticed an orc knight
  3657 | Orc:1    | Noticed Snorg
  3667 | Orc:2    | Killed an orc knight
  3667 | Orc:2    | Reached skill level 16 in Axes
  3667 | Orc:2    | Reached XP level 12. HP: 82/87 MP: 16/16
  3715 | Orc:1    | Killed Snorg
  3820 | Orc:3    | Noticed Josephine
  3831 | Orc:3    | Killed Josephine
  3845 | Orc:3    | Found a staircase to the Elven Halls.
  3848 | Orc:4    | Entered Level 4 of the Orcish Mines
  3851 | Orc:4    | Noticed an orc warlord
  3875 | Orc:4    | Received a gift from Trog
  3916 | Orc:4    | Noticed Rupert
  3918 | Orc:4    | Noticed an orc high priest
  3925 | Orc:4    | Killed Rupert
  3925 | Orc:4    | Killed an orc high priest
  3926 | Orc:4    | Found Qeypab's Antique Weapon Boutique.
  3937 | Orc:4    | Noticed Saint Roka
  3943 | Orc:4    | Killed from afar by Saint Roka

Dungeon Overview and Level Annotations

Branches:
Dungeon (11/15)            Temple (1/1) D:6            Lair (0/8) D:9
    Orc (4/4) D:11            Elf (0/3) Orc:3

Altars:
Cheibriados
Dithmenos
Elyvilon
Fedhas
Gozag
Makhleb
Nemelex Xobeh
Okawaru
Qazlal
Ru
Trog
Vehumet
The Shining One

Shops:
D:7 %   Orc:4 (

Annotations:
Orc:4 Saint Roka


Message History

You swap places.
Your two-headed ogre rages.
Saint Roka calls out, "Join me or die!"
Your ogre closely misses the troll.
The orc hits your orc with a club. The warg bites your orc!
Your orc dies!
Your orc's corpse dissolves into shadows!
Saint Roka roars a battlecry!
The orc goes into a battle-frenzy!
The orc hits your two-headed ogre with a club.
Things that are here:
a flail; an orc corpse Unknown command.
Drink which item? (? for menu, Esc to quit)
It was a potion of magic.
Magic courses through your body.
Your ogre barely misses the troll.
The warg barely misses your ogre.
Your two-headed ogre barely misses the warg.
Your two-headed ogre misses the warg.
The troll bites you!
The troll claws you but does no damage. x2
The orc hits you but does no damage. The warg barely misses your ogre.
Your ogre hits the troll with a giant club!
The orc warrior hits your two-headed ogre with a mace!!
Your two-headed ogre dies!
Your two-headed ogre's corpse disappears in a puff of smoke!
Your orc closely misses the warg.
Your orc barely misses the warg.
The orc hits you but does no damage. The troll closely misses you.
The troll claws you but does no damage. The troll barely misses you.
Unknown command.
Read which item? (? for menu, Esc to quit)
Really read with blurry vision while enemies are nearby?
Okay, then.
Read which item? (? for menu, Esc to quit)
Really read with blurry vision while enemies are nearby?
The sixfirhy hits your ogre!
Your ogre dies!
Your ogre's corpse disappears in a puff of smoke!
The orc hits you but does no damage.
Saint Roka mumbles some strange prayers to Beogh against you.
Something smites you!
You die...

You could see Saint Roka, an orc knight (frenzied), a troll, a sixfirhy, a warg, an orc sorcerer (frenzied), 2 orc warriors, 6 orcs and 2 friendly orcs.

Vanquished Creatures
  Gastronok (Orc:2)
  An orc warlord (Orc:1)
  Snorg (Orc:1)
  Josephine (Orc:3)
  Fannar (D:11)
  4 orc knights
  An orc sorcerer (Orc:4)
  A harpy (shapeshifter) (D:9)
  Joseph (D:7)
  4 trolls
  A two-headed ogre (D:8)
  3 wraiths
  A hungry ghost (D:7)
  Grum (D:10)
  A hippogriff (D:9)
  A water moccasin (D:6)
  2 wolves (D:10)
  2 wargs
  An eye of draining (D:11)
  23 orc warriors
  A sky beast (D:9)
  A necrophage (D:7)
  3 black bears
  2 phantoms (D:6)
  7 ogres
  2 centaurs
  3 giant frogs
  A big kobold (D:9)
  A gnoll sergeant (D:8)
  2 scorpions
  4 killer bees (D:7)
  8 wights
  2 crimson imps
  A centaur zombie (D:9)
  A giant frog zombie (D:5)
  3 jellies
  15 orc wizards
  A centaur skeleton (D:6)
  A giant frog skeleton (D:11)
  Jessica (D:2)
  9 orc priests
  A worker ant (D:11)
  7 gnolls
  A worker ant zombie (D:10)
  3 adders
  A shadow imp (D:8)
  2 adder skeletons
  A worm (D:2)
  100 orcs
  3 bats (D:2)
  2 goblins (D:1)
  4 hobgoblins
  7 kobolds
  A quokka (D:9)
  5 giant geckos
  A giant gecko zombie (D:5)
  3 rats
263 creatures vanquished.

Vanquished Creatures (collateral kills)
  Rupert (Orc:4)
  An orc high priest (Orc:4)
  A warg (Orc:4)
  2 orc warriors (Orc:4)
  3 orc priests
  An orc wizard (Orc:1)
  17 orcs
26 creatures vanquished.

Vanquished Creatures (others)
  A quokka (D:6)
  3 fungi (Orc:4)
4 creatures vanquished.

Grand Total: 293 creatures vanquished

Action                   |  1- 3 |  4- 6 |  7- 9 | 10-12 || total
-------------------------+-------+-------+-------+-------++-------
Melee: Hand axe          |    60 |    69 |       |       ||   129
       Battleaxe         |       |     6 |   191 |   345 ||   542
Invok: Berserk           |     3 |     3 |     8 |    15 ||    29
       Trog's Hand       |       |     4 |     4 |    18 ||    26
       Brothers in Arms  |       |       |       |     3 ||     3
Evoke: Wand              |       |       |     1 |     6 ||     7
  Use: Potion            |     1 |       |     2 |     2 ||     5
       Scroll            |       |     5 |     3 |     7 ||    15
 Stab: Invisible         |       |       |     3 |    26 ||    29
  Eat: Chunk             |     2 |     5 |    14 |    18 ||    39
       Pizza             |       |       |     1 |       ||     1
       Meat ration       |       |       |       |     1 ||     1
       Bread ration      |       |       |       |     1 ||     1
       Beef jerky        |       |       |       |     1 ||     1

Vault maps used:
D:1:      roderic_crop_circles_arrival_small, minmay_misc_feat_hallway,
          tso_metal_star
D:2:      uniq_jessica
D:3:      yredelemnul_altar_generic
D:4:      first_bread
D:5:      kennysheep_little_box, gammafunk_temple_overflow_statue, uniq_edmund
D:6:      zin_treasury, lemuel_coloured_pillars_altar, led_sif_pool,
          minmay_temple_entry_poolview, elyvilon_altar_4
D:7:      serial_shops, nicolae_shop_scaring_up_business, st_stairs_13,
          grunt_livestock, uniq_joseph
D:8:      grunt_decor_arrowhead
D:9:      lair_0_dummy
D:10:     serial_shops, shop, uniq_grum
D:11:     orc_0_dummy, uniq_fannar
Temple:   circular_temple_12
Orc:1:    uniq_snorg
Orc:2:    nicolae_orc_sculptors_studio, uniq_gastronok, uniq_maurice
Orc:3:    nicolae_orc_pool_cavern, uniq_josephine
Orc:4:    grunt_orc_gardens, grunt_orc_garden, grunt_orc_garden,
          grunt_orc_garden, grunt_orc_garden, lab_entry_generic,
          david_defended_altar_orc, uniq_rupert, uniq_saint_roka
